 Dungeon Crawl Stone Soup version 0.31.0-11-ge490571c62 (webtiles) character file.

Game seed: 1198875978919115122

42914 Ijustatesigmund the Fighter (level 14, -6/136 HPs)
             Began as a Gargoyle Earth Elementalist on Feb 10, 2024.
             Was a Believer of Vehumet.
             Mangled by an ettin
             ... wielding a +0 dire flail
              (17 damage)
             ... on level 14 of the Dungeon.
             The game lasted 00:45:45 (21824 turns).

Ijustatesigmund the Fighter (GrEE)                 Turns: 21824, Time: 00:45:45

Health: -6/136     AC: 23    Str: 14    XL:     14   Next: 21%
Magic:  12/34      EV: 11    Int: 23    God:    Vehumet [**....]
Gold:   595        SH: 10    Dex: 10    Spells: 16/28 levels left

rFire   . . .        S - +9 flail of Insufficient Pleasure {flame, rPois rN+ MP-9 Int+4}
rCold   . . .        P - +0 buckler
rNeg    + + .        a - +0 acid dragon scales
rPois   ∞            M - +1 helmet
rElec   +            p - +1 cloak
rCorr   +            F - +0 pair of gloves
SInv    .            (no boots)
Will    +....        y - amulet of reflection Stlth
                     u - ring of magical power
HPRegen 0.42/turn    c - ring of magical power
MPRegen 0.24/turn

%: reflection
@: berserking, flying, very quick
A: sickness immunity, AC +10, big wings, negative energy resistance 1,
electricity resistance, torment resistance 1, petrification resistance
a: Renounce Religion


You were on level 14 of the Dungeon.
You worshipped Vehumet.
Vehumet was pleased with you.
You visited 2 branches of the dungeon, and saw 16 of its levels.

You collected 1129 gold pieces.
You spent 534 gold pieces at shops.

Inventory:

Hand Weapons
 e - a +4 morningstar
 s - a +4 flail of freezing
 S - the +9 flail of Insufficient Pleasure (weapon) {flame, rPois rN+ MP-9 Int+4}
   (You took it off a vault guard on level 13 of the Dungeon)

   Int+4:     It affects your intelligence (+4).
   rPois:     It protects you from poison rN+: It protects you from negative
   energy.
   MP-9:      It affects your magic capacity (-9).
Missiles
 k - 2 throwing nets
Armour
 a - +0 acid dragon scales (worn)
 p - a +1 cloak (worn)
 F - a +0 pair of gloves (worn)
 M - a +1 helmet (worn)
 P - a +0 buckler (worn)
Jewellery
 c - a ring of magical power (right hand)
 q - a ring of wizardry
 u - a ring of magical power (left hand)
 y - an amulet of reflection (around neck)
 K - a ring of resist corrosion
 L - a ring of protection from cold
 N - a ring of see invisible
Wands
 d - a wand of mindburst (4)
 x - a wand of paralysis (13)
 C - a wand of flame (3)
Scrolls
 g - 2 scrolls of vulnerability {unknown}
 h - a scroll of silence {unknown}
 n - a scroll of revelation {unknown}
 v - 2 scrolls of amnesia
 D - a scroll of torment {unknown}
 H - 3 scrolls of blinking {unknown}
Potions
 b - 4 potions of magic
 l - 2 potions of cancellation
 r - a potion of berserk rage
 w - a potion of haste
 z - 4 potions of attraction
 A - a potion of lignification {unknown}
 E - 3 potions of ambrosia {unknown}
 G - 3 potions of invisibility {unknown}
 I - 2 potions of might {unknown}
 O - 2 potions of enlightenment {unknown}
 Q - a potion of brilliance {unknown}
 R - 2 potions of mutation {unknown}


   Skills:
 - Level 11.9 Fighting
 - Level 4.3 Maces & Flails
 - Level 4.8 Armour
 - Level 3.2 Dodging
 - Level 2.1 Stealth
 - Level 6.9 Shields
 - Level 7.8 Spellcasting
 - Level 9.1 Conjurations
 - Level 9.1 Necromancy
 + Level 6.9 Translocations
 - Level 10.3 Earth Magic
 - Level 4.0 Evocations


You had 16 spell levels left.
You knew the following spells:

 Your Spells              Type           Power      Damage    Failure   Level
a - Sandblast             Erth           100%       2d20      1%          1
b - Stone Arrow           Conj/Erth      100%       3d13      1%          3
c - Dispel Undead         Necr           50%        3d19      3%          4
d - Iskenderun's Mystic   Conj/Tloc      45%        2d10      4%          4

Your spell library contained the following spells:

 Spells                   Type           Power      Damage    Failure   Level
 Shock                    Conj/Air       100%       1d9       1%          1
 Passwall                 Erth           54%        N/A       1%          3
 Brom's Barrelling Bould  Conj/Erth      52%        2d7       2%          4
 Dazzling Flash           Conj/Hex       60%        N/A       6%          3
 Curse of Agony           Necr           50%        N/A       9%          5
 Volatile Blastmotes      Fire/Tloc      48%        2d14      10%         3
 Mephitic Cloud           Conj/Alch/Air  23%        N/A       11%         3
 Leda's Liquefaction      Alch/Erth      16%        N/A       16%         4
 Petrify                  Alch/Erth      32%        N/A       16%         4
 Jinxbite                 Hex            16%        N/A       19%         2
 Mercury Vapours          Alch/Air       16%        N/A       19%         2
 Fulminant Prism          Conj/Alch      15%        3d10      19%         4
 Martyr's Knell           Necr/Summ      29%        N/A       19%         4
 Frozen Ramparts          Ice            16%        1d3       36%         3
 Summon Ice Beast         Ice/Summ       8%         N/A       36%         3
 Death Channel            Necr           25%        N/A       41%         6
 Freezing Cloud           Conj/Ice/Air   11%        6-21      69%         5
 Olgreb's Toxic Radiance  Alch           8%         N/A       77%         4
 Metabolic Englaciation   Hex/Ice        4%         N/A       98%         5
 Silence                  Hex/Air        4%         N/A       98%         5
 Summon Mana Viper        Hex/Summ       8%         N/A       98%         5
 Yara's Violent Unravell  Hex/Alch       4%         3d4       98%         5
 Enfeeble                 Hex            4%         N/A       100%        7
 Monstrous Menagerie      Summ           4%         N/A       100%        7
 Ozocubu's Refrigeration  Ice            4%         4d8       100%        7
 Discord                  Hex            4%         N/A       100%        8
 Cigotuvi's Dreadful Rot  Necr/Alch/Air  Unusable   N/A       N/A         2

Dungeon Overview and Level Annotations

Branches:
Dungeon (15/15)            Temple (1/1) D:7            Lair (0/5) D:9
    Orc (0/2) D:10         Vaults (0/5) D:13
 Depths: D:15

Altars:
Ashenzari
Cheibriados
Dithmenos
Elyvilon
Fedhas
Gozag
Hepliaklqana
Kikubaaqudgha
Makhleb
Nemelex Xobeh
Okawaru
Qazlal
Ru
Sif Muna
Trog
Uskayaw
Vehumet
Wu Jian
Xom
Yredelemnul
Zin
The Shining One

Shops:
D:8 *   D:10 :[[(*

Annotations:
D:15 Roxanne


Innate Abilities, Weirdness & Mutations

You are immune to sickness and miasma.
Your stone body is resilient. (AC +10)
You are immune to poison.
Your large and strong wings let you fly.
You resist negative energy. (rN+)
You are resistant to electric shocks. (rElec)
You are resistant to unholy torment.
You are immune to petrification.


Message History

The ettin hits you with a +0 dire flail!!
The ettin barely misses you.
The slime creature quivers.
You hear a horrible gurgling sound!
The centaur warrior shoots an arrow.
The arrow barely misses you.
The arrow hits the two-headed ogre!
The two-headed ogre dies!
The yaktaur unwields a +0 arbalest.
The yaktaur barely misses you.
The ettin hits you with a +0 dire flail!!
* * * LOW HITPOINT WARNING * * *
The ettin hits you with a +0 dire flail.
* * * LOW HITPOINT WARNING * * *
You hear a shout!
You fly upwards.
There is a stone staircase leading down here.
Casting: Iskenderun's Mystic Blast (dangerous; 4% risk of failure)
Confirm with . or Enter, or press ? or * to list all spells.
You erupt in a blast of force!
The mystic blast hits the yaktaur!
The yaktaur is almost dead.
The yaktaur is knocked back by the mystic blast.
The mystic blast hits the ettin.
The ettin is heavily wounded.
The ettin hits you with a +0 dire flail!
* * * LOW HITPOINT WARNING * * *
You block the ettin's attack.
A red film seems to cover your vision as you go berserk!
You feel yourself moving faster!
You feel mighty!
The yaktaur wields a +0 arbalest.
The yaktaur shoots a bolt.
You block the bolt with an invisible shield... and reflect it back!
The bolt hits the yaktaur!!
You kill the yaktaur!
Vehumet accepts your kill.
You feel your power returning.
The ettin hits you with a +0 dire flail!
* * * LOW HITPOINT WARNING * * *
The ettin barely misses you.
You thump the ettin! You burn the ettin.
The ettin is severely wounded.
The ettin hits you with a +0 dire flail!
You die...

#.........[..'.# #......
#............### #######
##'########### #.........#
############'####
#.........$.....#
#...............#
#.........).....###########
#.........@.....'..........
#........C......##########.
#...............# ##
#<..............#
#...............#
#...............#
#################


You could see an ettin.

Vanquished Creatures
  Azrael (D:14)
  Josephine (D:13)
  3 hydras
  A rakshasa (D:13)
  4 vault guards (D:13)
  An ogre mage (D:15)
  9 two-headed ogres
  7 centaur warriors
  A tengu warrior (D:14)
  7 skeletal warriors
  Pikel (D:7)
  A deep elf pyromancer (D:13)
  A necromancer (D:15)
  2 cyclopes
  3 manticores
  4 ugly things
  An unseen horror (D:12)
  3 efreet
  3 kobold demonologists
  Jeremiah (D:7)
  5 yaktaurs
  A tengu conjurer (D:15)
  8 trolls
  Prince Ribbit (D:7)
  Grinder (D:5)
  A hornet (D:7)
  8 slime creatures
  5 wraiths (D:13)
  A centaur simulacrum (D:15)
  9 yaks (D:9)
  A vampire (D:13)
  4 fire elementals (D:14)
  2 wyverns
  2 basilisks
  4 vampire mosquitoes (D:13)
  3 acid dragons
  A hell hound (D:14)
  7 water moccasins
  A meliai simulacrum (D:15)
  8 orc warriors
  2 laughing skulls (D:14)
  An ogre (D:15)
  5 centaurs
  5 kobold brigands
  2 phantoms
  3 bullfrogs
  3 scorpions
  11 wights
  6 killer bees (D:8)
  3 howler monkeys
  7 electric eels
  8 crimson imps (D:9)
  5 hounds
  Crazy Yiuf (D:2)
  A bombardier beetle (D:5)
  A jelly (D:4)
  A gnoll bouda (D:7)
  11 orc priests
  3 iguanas
  Ijyb (D:3)
  9 orc wizards
  A statue (D:10)
  Robin (D:2)
  4 gnolls
  6 adders
  3 white imps
  5 ufetubi
  2 ribbon worms (D:2)
  2 dart slugs (D:2)
  47 orcs
  5 bats
  7 endoplasms
  3 giant cockroaches
  17 goblins
  9 hobgoblins
  8 jackals
  22 kobolds
  A quokka (D:1)
  7 ball pythons
  5 frilled lizards
  A rat (D:2)
373 creatures vanquished.

Vanquished Creatures (others)
  A two-headed ogre (D:15)
1 creature vanquished.

Grand Total: 374 creatures vanquished

Notes
Turn   | Place    | Note
-------+----------+-------------------------------------------
     0 | D:1      | Ijustatesigmund the Gargoyle Earth Elementalist began the
                  | quest for the Orb.
     0 | D:1      | Reached XP level 1. HP: 10/10 MP: 3/3
   254 | D:1      | Reached XP level 2. HP: 16/16 MP: 3/5
   319 | D:1      | Reached skill level 1 in Fighting
  1019 | D:2      | Reached XP level 3. HP: 20/20 MP: 3/6
  1373 | D:2      | Reached skill level 2 in Fighting
  1436 | D:2      | Reached XP level 4. HP: 26/26 MP: 5/8
  1576 | D:2      | Learned a level 3 spell: Stone Arrow
  1631 | D:2      | Found a runed translucent door.
  1632 | D:2      | Noticed Crazy Yiuf
  1923 | D:2      | Noticed Robin
  1930 | D:2      | Killed Robin
  2275 | D:3      | Found a white marble altar of Elyvilon.
  2346 | D:3      | Noticed Ijyb
  2405 | D:4      | Found a shimmering blue altar of Sif Muna.
  2411 | D:4      | Reached XP level 5. HP: 25/30 MP: 4/9
  2613 | D:4      | Reached skill level 5 in Earth Magic
  2781 | D:4      | Noticed a water moccasin
  2784 | D:4      | Killed a water moccasin
  2785 | D:4      | Reached XP level 6. HP: 35/35 MP: 7/11
  2821 | D:4      | Found a blossoming altar of Fedhas.
  3195 | D:2      | Killed Crazy Yiuf
  3437 | D:3      | Killed Ijyb
  4107 | D:3      | Found a glowing golden altar of the Shining One.
  4228 | D:5      | Entered Level 5 of the Dungeon
  4245 | D:5      | Noticed Grinder
  4249 | D:5      | Paralysed by Grinder for 3 turns
  4252 | D:5      | Killed Grinder
  4253 | D:5      | Reached skill level 1 in Maces & Flails
  4253 | D:5      | Reached skill level 1 in Evocations
  4253 | D:5      | Reached XP level 7. HP: 40/40 MP: 9/13
  4384 | D:5      | Identified the +7 short sword "Quezxym" {spect, Dex+3}
  4823 | D:5      | Reached XP level 8. HP: 44/44 MP: 13/14
  4907 | D:5      | Reached skill level 5 in Conjurations
  5276 | D:5      | Noticed a wyvern
  5279 | D:5      | Killed a wyvern
  5958 | D:6      | Reached skill level 5 in Spellcasting
  6039 | D:6      | Found a glowing silver altar of Zin.
  6189 | D:6      | Found a broken altar of Ashenzari.
  6285 | D:6      | Noticed a kobold demonologist
  6292 | D:6      | Killed a kobold demonologist
  6293 | D:6      | Reached XP level 9. HP: 20/48 MP: 10/16
  6591 | D:7      | Noticed a hornet
  6595 | D:7      | Killed a hornet
  7828 | D:7      | Reached skill level 3 in Fighting
  8014 | D:7      | Noticed Prince Ribbit
  8026 | D:7      | Killed Prince Ribbit
  8164 | D:7      | Noticed Jeremiah
  8170 | D:7      | Killed Jeremiah
  8171 | D:7      | Reached XP level 10. HP: 22/56 MP: 19/19
  8434 | D:7      | Found an ornate altar of the Wu Jian Council.
  8436 | D:7      | Noticed Pikel
  8436 | D:7      | Paralysed by Pikel for 4 turns
  8450 | D:7      | Killed Pikel
  8451 | D:7      | Reached skill level 4 in Fighting
  8559 | D:7      | Found an opulent altar of Gozag.
  8857 | D:7      | Found a staircase to the Ecumenical Temple.
  9129 | Temple   | Entered the Ecumenical Temple
  9311 | D:8      | Noticed a two-headed ogre
  9318 | D:8      | Killed a two-headed ogre
  9319 | D:8      | Reached skill level 1 in Armour
  9378 | D:8      | Noticed a cyclops
  9385 | D:8      | Killed a cyclops
  9389 | D:8      | Identified the +2 barding "Jexaz" {+Blink rN+ Will+ Str-3}
  9545 | D:8      | Found Suxoav's General Store.
  9559 | D:8      | Bought a potion of curing for 30 gold pieces
  9597 | D:8      | Reached skill level 5 in Fighting
 10648 | D:9      | Found a staircase to the Lair.
 10862 | D:9      | Noticed a manticore
 10866 | D:9      | Killed a manticore
 10867 | D:9      | Reached XP level 11. HP: 52/64 MP: 21/21
 10949 | D:9      | Reached skill level 6 in Fighting
 10949 | D:9      | Reached skill level 10 in Earth Magic
 10953 | D:9      | HP: 2/64 [yak (10)]
 12160 | D:10     | Entered Level 10 of the Dungeon
 12160 | D:10     | Noticed a two-headed ogre
 12164 | D:10     | Killed a two-headed ogre
 12441 | D:10     | Found Kugeryd's Assorted Antiques.
 12449 | D:10     | Bought a potion of heal wounds for 130 gold pieces
 12449 | D:10     | Bought a fuming blue potion for 23 gold pieces
 12449 | D:10     | Bought a scroll labelled PEGAFO KARPH for 26 gold pieces
 12449 | D:10     | Bought a coppery potion for 23 gold pieces
 12449 | D:10     | Bought a cyan potion for 23 gold pieces
 12449 | D:10     | Bought a twisted steel ring for 130 gold pieces
 12480 | D:10     | Reached skill level 7 in Fighting
 12551 | D:10     | Found Fonnut's Antique Armour Boutique.
 12628 | D:10     | Found Necwyogh's Armour Shop.
 12843 | D:10     | Found a staircase to the Orcish Mines.
 13033 | D:10     | Reached skill level 8 in Fighting
 13096 | D:10     | Found Urau's Weapon Boutique.
 13131 | D:10     | Found Fodyacku's Book Shop.
 13201 | D:10     | Bought a +1 helmet for 149 gold pieces
 13378 | D:10     | Found a radiant altar of Vehumet.
 13394 | D:10     | Became a worshipper of Vehumet
 13546 | D:11     | Noticed a red ugly thing
 13564 | D:11     | Killed a red ugly thing
 13565 | D:11     | Reached skill level 9 in Fighting
 14796 | D:12     | Noticed a brown ugly thing
 14802 | D:12     | Killed a brown ugly thing
 14803 | D:12     | Reached skill level 1 in Shields
 14918 | D:12     | Noticed a two-headed ogre
 14922 | D:12     | Killed a two-headed ogre
 14923 | D:12     | Reached skill level 10 in Fighting
 14923 | D:12     | Reached XP level 12. HP: 77/77 MP: 23/23
 15489 | D:13     | Noticed a six-headed hydra
 15497 | D:13     | Killed a six-headed hydra
 15991 | D:13     | Reached skill level 11 in Fighting
 16081 | D:13     | Noticed Josephine
 16092 | D:13     | Reached skill level 5 in Shields
 16231 | D:13     | Killed Josephine
 16457 | D:13     | Noticed a centaur warrior
 16469 | D:13     | Killed a centaur warrior
 16757 | D:13     | Noticed a seven-headed hydra
 16764 | D:13     | Killed a seven-headed hydra
 16764 | D:13     | Reached * piety under Vehumet
 16764 | D:13     | Offered knowledge of Foxfire by Vehumet.
 17032 | D:13     | Found a gate to the Vaults.
 17032 | D:13     | Noticed a vault guard
 17032 | D:13     | Noticed a vault guard
 17032 | D:13     | Noticed a vault guard
 17032 | D:13     | Noticed a centaur warrior
 17032 | D:13     | Noticed a vault guard
 17115 | D:14     | Noticed a centaur warrior
 17119 | D:14     | Killed a centaur warrior
 17218 | D:14     | Learned a level 4 spell: Dispel Undead
 17442 | D:13     | Killed a vault guard
 17443 | D:13     | Reached skill level 1 in Necromancy
 17710 | D:13     | Identified the +9 flail of Insufficient Pleasure {flame,
                  | rPois rN+ MP-9 Int+4}
 17715 | D:13     | Killed a vault guard
 17862 | D:13     | Noticed a two-headed ogre
 17864 | D:13     | Reached XP level 13. HP: 85/85 MP: 24/24
 17898 | D:13     | Reached skill level 5 in Necromancy
 17910 | D:13     | Killed a vault guard
 18115 | D:13     | Killed a vault guard
 18157 | D:13     | Noticed a rakshasa
 18170 | D:13     | Killed a rakshasa
 19259 | D:14     | Offered knowledge of Shock by Vehumet.
 19615 | D:14     | Noticed Azrael
 19624 | D:14     | Killed Azrael
 19630 | D:14     | Reached ** piety under Vehumet
 20010 | D:14     | Learned a level 4 spell: Iskenderun's Mystic Blast
 20034 | D:15     | Entered Level 15 of the Dungeon
 20034 | D:15     | Noticed Roxanne
 20046 | D:14     | Reached skill level 1 in Translocations
 20695 | D:15     | Gained mutation: Your large and strong wings let you fly.
                  | [Gargoyle growth]
 20695 | D:15     | Reached XP level 14. HP: 20/91 MP: 16/25
 20953 | D:15     | Reached skill level 5 in Translocations
 21318 | D:15     | HP: 1/90 [cyan ugly thing (5)]
 21824 | D:14     | Mangled by an ettin

Illustrated notes

Levels and vault maps discovered:
D:1:      dpeg_arrival_erosion, layout_basic
D:2:      layout_loops_ring, uniq_crazy_yiuf_cottage, uniq_robin
D:3:      layout_loops_cross, tso_altar, nicolae_elyvilon_peaceful_grove,
          nrook_campfire, nicolae_figureground_pulse, uniq_ijyb
D:4:      layout_basic, mainiacjoe_overflow_small_starburst,
          mainiacjoe_overflow_boulevard
D:5:      layout_basic, uniq_grinder
D:6:      kennysheep_big_flooded_room, layout_cave_pools,
          ashenzari_conservatory_becter, zin_scriptorium
D:7:      layout_layer_cave, nzn_wu_jian_contemplation,
          mainiacjoe_overflow_concentric_impassable,
          minmay_temple_entry_poolview, kennysheep_nondescript,
          minmay_checkerbox, uniq_prince_ribbit1, uniq_pikel, uniq_jeremiah
D:8:      layout_rooms, serial_shops, nicolae_shop_statue_plus
D:9:      layout_irregular_city, lair_entry_dummy, minmay_nine_imps
D:10:     layout_roguey, vehumet_statue, erik_orc_2, serial_shops, shop,
          nicolae_book_shop_shelving, shop,
          nicolae_shop_competitors_out_of_business, shop
D:11:     nicolae_cairo_tiling_very_big, layout_rooms, serial_bayou,
          serial_bayou_lake_a, serial_bayou_pond_e, serial_bayou_lagoon_a,
          serial_bayou_pond_b
D:12:     layout_roguey
D:13:     layout_gridville, lightli_vaults_fourway_checkpoint, uniq_josephine
D:14:     layout_roguey, serial_bayou_pond_d, uniq_azrael
D:15:     hangedman_depths_entry_civil_slaughter, layout_loops_ring,
          special_room [special_room_orc], serial_shops, nicolae_shop_stone,
          serial_ice, serial_ice_o, serial_ice_a, serial_ice_f, serial_ice_c,
          serial_ice_h, chequers_serial_rivers_micro_d, uniq_roxanne
Temple:   nicolae_temple_figure_eight

Skill      XL: |  1  2  3  4  5  6  7  8  9 10 11 12 13 14 |
---------------+-------------------------------------------+-----
Fighting       | 1 2 3 5 10 11 | 11.9
Earth Magic    | 4 5 6 7 8 9 10 | 10.3
Conjurations   | 2 3 4 6 7 8 9 |  9.1
Spellcasting   | 3 4 5 6 7 |  7.8
Maces & Flails | 1 2 3 4 |  4.3
Evocations     | 1 2 3 4 |  4.0
Dodging        | 2 3 |  3.2
Armour         | 3 4 |  4.8
Shields        | 2 6 |  6.9
Necromancy     | 4 9 |  9.1
Translocations | 4 6 |  6.9
Stealth        | |  2.1

Action                     |  1- 3 |  4- 6 |  7- 9 | 10-12 | 13-15 || total
---------------------------+-------+-------+-------+-------+-------++-------
  Melee: Whip              |     5 |    57 |       |       |       ||    62
         Morningstar       |       |    26 |    52 |   188 |       ||   266
         Flail             |       |       |       |   160 |   108 ||   268
         Punch             |       |       |       |     4 |       ||     4
   Cast: Sandblast         |    47 |    51 |     2 |     2 |     1 ||   103
         Stone Arrow       |       |    15 |    93 |   238 |   100 ||   446
         Dispel Undead     |       |       |       |       |    19 ||    19
         Iskenderun's Myst |       |       |       |       |    14 ||    14
  Evoke: Wand              |       |       |     9 |    35 |    17 ||    61
    Use: Scroll            |       |     3 |     1 |    10 |    12 ||    26
         Potion            |       |       |       |     5 |     6 ||    11
   Stab: Paralysed         |       |       |     1 |    11 |     2 ||    14
 Armour: Robe              |    12 |    64 |    76 |   246 |       ||   398
         Acid dragon scale |       |       |       |   154 |   174 ||   328
  Dodge: Dodged            |    24 |    55 |    71 |   273 |    89 ||   512
  Block: Other             |       |       |    11 |    82 |       ||    93
         Reflection        |       |       |       |    10 |    24 ||    34
         Buckler           |       |       |       |    70 |   121 ||   191
